BSA
FRESNO DEPLORABLES @ SEATTLE PIKES
09/15/2026
 
TOP OF THE 1ST
Portland Cards batting - Pitching for Seattle Pikes : LHP Albert Lebel
Pitching: LHP Albert Lebel
Batting: RHB Lonson Seals 0-0: Ball
1-0: Ball
2-0: Called Strike
2-1: SINGLE (Groundball, 6MD) (infield hit)
Batting: LHB Keith Beard 0-0: Ball
1-0: Foul Ball, location: 2F
1-1: Ball
2-1: Ball
3-1: Base on Balls
Lonson Seals to second
Batting: LHB Jeff Daniels 0-0: Ball
1-0: Fly out, F4 (Popup, 4M)
Batting: RHB Paco Arellano 0-0: Foul Ball, location: 2F
0-1: Ball
1-1: Ball
2-1: Ball
Lonson Seals is caught stealing 3rd base
Keith Beard to second
3-1: Foul Ball, location: 2F
3-2: Strikes out swinging
Top of the 1st over - 0 run(s), 1 hit(s), 0 error(s), 1 left on base; Portland 0 - Seattle 0
BOTTOM OF THE 1ST
Seattle Pikes batting - Pitching for Portland Cards : RHP Dionisio Penni
Pitching: RHP Dionisio Penni
Batting: LHB Jesús Núñez 0-0: Foul Ball, location: 2F
0-1: Ground out 4-3 (Groundball, 34)
Batting: RHB António Ortega 0-0: Foul Ball, location: 2F
0-1: Foul Ball, location: 2F
0-2: Strikes out swinging
Batting: LHB Richard Hunter 0-0: Ball
1-0: Ball
2-0: Foul Ball, location: 2F
2-1: Ball
3-1: Foul Ball, location: 2F
3-2: Foul Ball, location: 2F
3-2: Foul Ball, location: 2F
3-2: Ground out U3 (Groundball, 3L)
Bottom of the 1st over - 0 run(s), 0 hit(s), 0 error(s), 0 left on base; Portland 0 - Seattle 0
TOP OF THE 2ND
Portland Cards batting - Pitching for Seattle Pikes : LHP Albert Lebel
Batting: LHB Paul Mullins 0-0: Foul Ball, location: 2F
0-1: Ball
1-1: Ball
2-1: Foul Ball, location: 2F
2-2: Strikes out swinging
Batting: LHB Tom Blake 0-0: Foul Ball, location: 2F
0-1: Called Strike
0-2: Ball
1-2: Strikes out swinging
Batting: RHB Germán Rosales 0-0: SINGLE (Groundball, 4MD)
Batting: RHB Dani Vázquez 0-0: Foul Ball, location: 2F
0-1: Fly out, F8 (Flyball, 8RM)
Top of the 2nd over - 0 run(s), 1 hit(s), 0 error(s), 1 left on base; Portland 0 - Seattle 0
BOTTOM OF THE 2ND
Seattle Pikes batting - Pitching for Portland Cards : RHP Dionisio Penni
Batting: RHB Manuel Rico 0-0: Ground out 6-3 (Groundball, 6M)
Batting: RHB Wallace Greene 0-0: Ground out 6-3 (Groundball, 6)
Batting: LHB Keith Tillman 0-0: Ball
1-0: Fly out, F2 (Popup, 2RF)
Bottom of the 2nd over - 0 run(s), 0 hit(s), 0 error(s), 0 left on base; Portland 0 - Seattle 0
TOP OF THE 3RD
Portland Cards batting - Pitching for Seattle Pikes : LHP Albert Lebel
Batting: RHB Bartolo Quiñones 0-0: Ground out 5-3 (Groundball, 5)
Batting: RHB Lonson Seals 0-0: Ground out 5-3 (Groundball, 56)
Batting: LHB Keith Beard 0-0: Ground out 3-1 (Groundball, 34)
Top of the 3rd over - 0 run(s), 0 hit(s), 0 error(s), 0 left on base; Portland 0 - Seattle 0
BOTTOM OF THE 3RD
Seattle Pikes batting - Pitching for Portland Cards : RHP Dionisio Penni
Batting: RHB Alfredo Rivera 0-0: Called Strike
0-1: Ball
1-1: Swinging Strike
1-2: Ball
2-2: Foul Ball, location: 2F
2-2: Reached on error, E3 (Groundball, 34)
Batting: RHB Kazushige Aoki 0-0: Fly out, F8 (Line Drive, 8LS)
Batting: RHB Iván Gonzáles 0-0: Grounds into double play, 6-4-3 (Groundball, 6)
Bottom of the 3rd over - 0 run(s), 0 hit(s), 1 error(s), 0 left on base; Portland 0 - Seattle 0
TOP OF THE 4TH
Portland Cards batting - Pitching for Seattle Pikes : LHP Albert Lebel
Batting: LHB Jeff Daniels 0-0: Foul Ball, location: 2F
0-1: Called Strike
0-2: Strikes out looking
Batting: RHB Paco Arellano 0-0: Called Strike
0-1: Swinging Strike
0-2: Ball
1-2: SINGLE (Groundball, 4MD)
Batting: LHB Paul Mullins 0-0: Ball
1-0: Called Strike
1-1: Foul Ball, location: 2F
1-2: Foul Ball, location: 2F
1-2: SINGLE (Flyball, 8RS)
Paco Arellano to second
Runner from 2nd tries for 3rd, SAFE, throw made to third
Batting: LHB Tom Blake 0-0: Swinging Strike
0-1: Called Strike
0-2: Ball
1-2: Foul Ball, location: 2F
1-2: Strikes out swinging
Batting: RHB Germán Rosales 0-0: Foul Ball, location: 2F
0-1: Ground out U3 (Groundball, 3S)
Top of the 4th over - 0 run(s), 2 hit(s), 0 error(s), 2 left on base; Portland 0 - Seattle 0
BOTTOM OF THE 4TH
Seattle Pikes batting - Pitching for Portland Cards : RHP Dionisio Penni
Batting: LHB Jesús Núñez 0-0: Ball
1-0: Ball
2-0: Fly out, F6 (Popup, 6)
Batting: RHB António Ortega 0-0: SINGLE (Line Drive, 8LS)
Batting: LHB Richard Hunter 0-0: Called Strike
0-1: SINGLE (Groundball, 6D)
António Ortega to second
Batting: RHB Manuel Rico 0-0: Called Strike
0-1: Fly out, F2 (Popup, 2RF)
Batting: RHB Wallace Greene 0-0: Ball
1-0: DOUBLE (Line Drive, 9LM)
António Ortega scores
Richard Hunter to third
Batting: LHB Keith Tillman 0-0: Ball
1-0: Called Strike
1-1: Ground out 4-3 (Groundball, 4)
Bottom of the 4th over - 1 run(s), 3 hit(s), 0 error(s), 2 left on base; Portland 0 - Seattle 1
TOP OF THE 5TH
Portland Cards batting - Pitching for Seattle Pikes : LHP Albert Lebel
Batting: RHB Dani Vázquez 0-0: Ball
1-0: Ground out 5-3 (Groundball, 56)
Batting: RHB Bartolo Quiñones 0-0: Ball
1-0: Foul Ball, location: 2F
1-1: Ball
2-1: Ball
3-1: Called Strike
3-2: Ground out 5-3 (Groundball, 56)
Batting: RHB Lonson Seals 0-0: DOUBLE (Line Drive, 7LS)
Batting: LHB Keith Beard 0-0: Ball
1-0: Ball
2-0: Ground out 1-3 (Groundball, 13S)
Top of the 5th over - 0 run(s), 1 hit(s), 0 error(s), 1 left on base; Portland 0 - Seattle 1
BOTTOM OF THE 5TH
Seattle Pikes batting - Pitching for Portland Cards : RHP Dionisio Penni
Batting: RHB Alfredo Rivera 0-0: Called Strike
0-1: Foul Ball, location: 2F
0-2: Foul Ball, location: 2F
0-2: Ground out 4-3 (Groundball, 4M)
Batting: RHB Kazushige Aoki 0-0: Swinging Strike
0-1: Ball
1-1: SINGLE (Groundball, 34D)
Batting: RHB Iván Gonzáles 0-0: Ball
1-0: Grounds into double play, 4-6-3 (Groundball, 4)
Bottom of the 5th over - 0 run(s), 1 hit(s), 0 error(s), 0 left on base; Portland 0 - Seattle 1
TOP OF THE 6TH
Portland Cards batting - Pitching for Seattle Pikes : LHP Albert Lebel
Batting: LHB Jeff Daniels 0-0: Ball
1-0: Called Strike
1-1: Swinging Strike
1-2: Ball
2-2: Strikes out looking
Batting: RHB Paco Arellano 0-0: Foul Ball, location: 2F
0-1: Ground out 6-3 (Groundball, 6)
Batting: LHB Paul Mullins 0-0: Called Strike
0-1: Ball
1-1: Foul Ball, location: 2F
1-2: Ball
2-2: Ball
3-2: Strikes out swinging
Top of the 6th over - 0 run(s), 0 hit(s), 0 error(s), 0 left on base; Portland 0 - Seattle 1
BOTTOM OF THE 6TH
Seattle Pikes batting - Pitching for Portland Cards : RHP Dionisio Penni
Batting: LHB Jesús Núñez 0-0: Swinging Strike
0-1: Ball
1-1: Called Strike
1-2: Ball
2-2: Strikes out swinging
Batting: RHB António Ortega 0-0: Foul Ball, location: 2F
0-1: Called Strike
0-2: Ball
1-2: Ball
2-2: Ball
3-2: Foul Ball, location: 2F
3-2: Strikes out looking
Batting: LHB Richard Hunter 0-0: Ball
1-0: Foul Ball, location: 2F
1-1: Called Strike
1-2: Foul Ball, location: 2F
1-2: Ball
2-2: Strikes out swinging
Bottom of the 6th over - 0 run(s), 0 hit(s), 0 error(s), 0 left on base; Portland 0 - Seattle 1
TOP OF THE 7TH
Portland Cards batting - Pitching for Seattle Pikes : LHP Albert Lebel
Batting: LHB Tom Blake 0-0: Called Strike
0-1: Ball
1-1: Called Strike
1-2: Ball
2-2: Strikes out swinging
Batting: RHB Germán Rosales 0-0: Called Strike
0-1: Ball
1-1: SINGLE (Groundball, 34S)
Pitching: RHP José Salinas
Pinch Hitting: LHB Donovan Bird 0-0: Called Strike
0-1: Ball
1-1: Foul Ball, location: 2F
1-2: Ball
2-2: Foul Ball, location: 2F
2-2: Foul Ball, location: 2F
2-2: SINGLE (Groundball, 56D)
Germán Rosales to second
Pinch Hitting: RHB Claudio Guerra 0-0: Foul Ball, location: 2F
0-1: Called Strike
0-2: Ball
1-2: Ball
2-2: 3-RUN HOME RUN (Flyball, 7D), Distance : 381 ft
Pitching: LHP Manny Sandoval
Batting: RHB Lonson Seals 0-0: Ball
1-0: Ball
2-0: Foul Ball, location: 2F
2-1: Foul Ball, location: 2F
2-2: Strikes out looking
Batting: LHB Keith Beard 0-0: Ball
1-0: Ball
2-0: Ball
3-0: Base on Balls
Batting: LHB Jeff Daniels 0-0: Called Strike
0-1: Ball
1-1: Ball
2-1: Ground out 4-3 (Groundball, 4)
Top of the 7th over - 3 run(s), 3 hit(s), 0 error(s), 1 left on base; Portland 3 - Seattle 1
BOTTOM OF THE 7TH
Seattle Pikes batting - Pitching for Portland Cards : RHP Dionisio Penni
Now at 3B: Pepe Medrano
Now at SS: Jeff Doss
Batting: RHB Manuel Rico 0-0: Called Strike
0-1: Ball
1-1: Foul Ball, location: 2F
1-2: Ball
2-2: Foul Ball, location: 2F
2-2: Ground out 6-3 (Groundball, 6)
Batting: RHB Wallace Greene 0-0: Called Strike
0-1: Called Strike
0-2: Ball
1-2: Strikes out swinging
Batting: LHB Keith Tillman 0-0: Called Strike
0-1: Ball
1-1: Ball
2-1: Fly out, F7 (Flyball, 7S)
Bottom of the 7th over - 0 run(s), 0 hit(s), 0 error(s), 0 left on base; Portland 3 - Seattle 1
TOP OF THE 8TH
Portland Cards batting - Pitching for Seattle Pikes : LHP Manny Sandoval
Batting: RHB Paco Arellano 0-0: Ball
1-0: Swinging Strike
1-1: Foul Ball, location: 2F
1-2: Strikes out swinging
Batting: LHB Paul Mullins 0-0: Ball
1-0: Called Strike
1-1: Ball
2-1: Swinging Strike
2-2: Strikes out looking
Batting: LHB Tom Blake 0-0: DOUBLE (Line Drive, 78D) - OUT at third base trying to stretch hit.
Top of the 8th over - 0 run(s), 1 hit(s), 0 error(s), 0 left on base; Portland 3 - Seattle 1
BOTTOM OF THE 8TH
Seattle Pikes batting - Pitching for Portland Cards : RHP Dionisio Penni
Batting: RHB Alfredo Rivera 0-0: Ball
1-0: Ball
2-0: Ground out 6-3 (Groundball, 56)
Batting: RHB Kazushige Aoki 0-0: Fly out, F9 (Flyball, 9D)
Batting: RHB Iván Gonzáles 0-0: Called Strike
0-1: Called Strike
0-2: Strikes out swinging
Bottom of the 8th over - 0 run(s), 0 hit(s), 0 error(s), 0 left on base; Portland 3 - Seattle 1
TOP OF THE 9TH
Portland Cards batting - Pitching for Seattle Pikes : LHP Manny Sandoval
Pitching: LHP Cristián Escobar
Batting: RHB Germán Rosales 0-0: Ball
1-0: Foul Ball, location: 2F
1-1: Ball
2-1: Ball
3-1: DOUBLE (Flyball, 9LS)
Batting: RHB Pepe Medrano 0-0: Intentional Walk
Pinch Hitting: LHB Vicente Bueno 0-0: Called Strike
0-1: SINGLE (Groundball, 34D) (infield hit)
Germán Rosales to third
Pepe Medrano to second
Pitching: RHP Ernesto Beltrán
Batting: RHB Lonson Seals 0-0: Foul Ball, location: 2F
0-1: Grounds into fielders choice 4-2 (Groundball, 34)
Pepe Medrano to third
Vicente Bueno to second
Pitching: LHP António Alvarado
Batting: LHB Keith Beard 0-0: Foul Ball, location: 2F
0-1: Ball
1-1: Ball
2-1: Ball
3-1: Fly out, F8 (Popup, 4MD)
Pitching: RHP Orlando Ojeda
Batting: LHB Jeff Daniels 0-0: Called Strike
0-1: Foul Ball, location: 2F
0-2: Ball
1-2: Foul Ball, location: 2F
1-2: Fly out, F8 (Flyball, 8RS)
Top of the 9th over - 0 run(s), 2 hit(s), 0 error(s), 3 left on base; Portland 3 - Seattle 1
BOTTOM OF THE 9TH
Seattle Pikes batting - Pitching for Portland Cards : RHP Dionisio Penni
Pitching: RHP Steve Griffin
Now at SS: Jesús Gutiérrez
Batting: LHB Jesús Núñez 0-0: Called Strike
0-1: Ball
1-1: Ground out 4-3 (Groundball, 4)
Batting: RHB António Ortega 0-0: Swinging Strike
0-1: Ball
1-1: Fly out, F6 (Popup, 4M)
Batting: LHB Richard Hunter 0-0: Called Strike
0-1: Ball
1-1: Ball
2-1: Fly out, F7 (Flyball, 78D)
Bottom of the 9th over - 0 run(s), 0 hit(s), 0 error(s), 0 left on base; Portland 3 - Seattle 1
Monday, December 5th, 2016 - OOTP Baseball 17.12 Build 75